 Dungeon Crawl Stone Soup version 0.31-a0-1165-g196b491b36 (webtiles) character file.

Game seed: 6609847125758546347

1499 avis the Changeling (level 8, -4/54 HPs)
             Began as an Octopode Shapeshifter on Dec 10, 2023.
             Slain by a hornet (8 damage)
             ... while paralysed by a hornet
             ... on level 5 of the Dungeon.
             The game lasted 00:29:25 (5522 turns).

avis the Changeling (Octopode Shapeshifter)         Turns: 5522, Time: 00:29:26

Health: -4/54      AC:  1    Str: 14    XL:     8   Next: 81%
Magic:  8/8        EV:  2    Int: 12    God:
Gold:   283        SH:  0    Dex: 13    Spells: 5/7 levels left

rFire   . .          .
                       - Unarmed
rCold   . . .        (shield currently unavailable)
rNeg    . . .        (helmet restricted)
rPois   .            (no amulet)
rElec   .            e - +5 ring of evasion
rCorr   .            (no ring)
SInv    .            (no ring)
Will    .....        (no ring)
Stlth   ++           (no ring)
HPRegen 0.29/turn    (no ring)
MPRegen 0.11/turn    (no ring)
                     (no ring)

%: no passive effects
@: paralysed, lethally poisoned (-4 -> -8), flux-form, glowing
A: glow, contaminating, almost no armour, amphibious, 8 rings, camouflage 1,
gelatinous body 1, (nimble swimmer 1), tentacles
a: Begin Untransformation


You were on level 5 of the Dungeon.
You were something dangerously unstable.
You visited 1 branch of the dungeon, and saw 6 of its levels.

You collected 283 gold pieces.

Inventory:

Hand Weapons
 b - a +0 orcbow
 n - a +3 dagger of speed
 s - a +2 whip of venom
 v - a +0 dagger of chaos
 w - a +1 war axe of venom
 y - a +0 whip of freezing
 D - a +0 dagger of flaming
 E - a +0 arbalest
 F - a +2 long sword of electrocution
Missiles
 u - 10 poisoned darts
 C - 3 boomerangs
Magical Staves
 z - a staff of earth
Jewellery
 e - a +5 ring of evasion (left tentacle)
 G - a ring of ice
Talismans
 c - a flux talisman (active)
 f - a flux talisman (active)
 B - a beast talisman
Wands
 l - a wand of polymorph (9)
 A - a wand of charming (4)
Scrolls
 d - 4 scrolls of teleportation {unknown}
 g - 6 scrolls of identify {unknown}
 o - a scroll of amnesia {unknown}
 q - a scroll of immolation {unknown}
 r - a scroll of brand weapon {unknown}
 t - a scroll of revelation {unknown}
 x - a scroll of fear {unknown}
Potions
 a - a potion of lignification
 h - 2 potions of might {unknown}
 i - 3 potions of haste {unknown}
 j - 2 potions of attraction {unknown}
 k - 2 potions of ambrosia {unknown}
 m - 2 potions of curing {unknown}
 p - 3 potions of enlightenment {unknown}


   Skills:
 - Level 4.0 Fighting
 - Level 6.0 Dodging
 - Level 3.0 Stealth
 - Level 4.0 Unarmed Combat
 + Level 0.2 Translocations
 * Level 7.3 Shapeshifting


You had 5 spell levels left.
You knew the following spells:

 Your Spells              Type           Power      Damage    Failure   Level
b - Blink                 Tloc           0%         N/A       41%         2

Your spell library contained the following spells:

 Spells                   Type           Power      Damage    Failure   Level
 Lesser Beckoning         Tloc           0%         N/A       41%         2
 Momentum Strike          Conj/Tloc      0%         3d8       43%         2
 Sublimation of Blood     Necr           0%         N/A       45%         2
 Petrify                  Tmut/Erth      0%         N/A       97%         4
 Irradiate                Conj/Tmut      0%         3d11      100%        5


Dungeon Overview and Level Annotations

Branches:
Dungeon (6/15)
 Temple: D:4-7

Altars:
Makhleb
Uskayaw
Xom

Shops:
D:5 :

Annotations:
D:3 3 runed translucent doors, Drazool's ghost, amateur DjFE; IdlyInterested's ghost, amateur DsSh; amoryguerra's ghost, amateur MiBe


Innate Abilities, Weirdness & Mutations

You are something dangerously unstable.
You glow with magical radiation, making you easy to see and hit.
Foes you strike become dangerously contaminated with magical radiation.
You are incapable of wielding weapons or throwing items.
You cannot wear most types of armour.
You are amphibious.
You can wear up to eight rings at the same time.
Your skin changes colour to match your surroundings (Stealth+).
Your rubbery body absorbs attacks. (AC +1, EV +1)
((You are camouflaged when in or above water. (Stealth+)))
You have tentacles for arms and can constrict up to eight enemies at once.


Message History

There is a large open door here.
There is an open door here.
There is a stone staircase leading down here.
You climb downwards.
The orc wizard shouts!
The orc shouts! x3; The hornet buzzes angrily.
You hear a shout!
There is a stone staircase leading up here.
The orc hits you with a +0 dagger.
You climb upwards.
There is a stone staircase leading down here.
You tentacle-slap the orc.
The orc begins to glow.
You grab the orc. You squeeze the orc.
You kill the orc!
You start resting.
HP restored.
You climb downwards.
The jelly quivers.
The hornet misses you. x2; The orc barely misses you.
The orc completely misses you. The hornet barely misses you.
There is a stone staircase leading up here.
The hornet stings you!
You feel yourself slow down. The orc wizard barely misses you.
The orc hits you with a +0 hand axe.
You climb upwards.
You feel yourself speed up.
There is a stone staircase leading down here.
You tentacle-slap the hornet.
The hornet begins to glow.
Your grab misses the hornet.
The hornet is lightly wounded.
The hornet stings you.
You are poisoned.
You suddenly lose the ability to move!
You feel sick. The hornet stings you!
You feel yourself slow down. The orc hits you with a +0 hand axe.
The hornet stings you!
* * * LOW HITPOINT WARNING * * *
You shrug off the repeated paralysis!
You feel yourself speed up.
You feel sick. The orc hits you with a +0 hand axe.
* * * LOW HITPOINT WARNING * * *
The hornet stings you!
You die...

..###..#............[....######.#
#####''########......##.[.......#
..............#########)#########
..§§......§.§.######....#
≈≈§§§...§§≈≈..#.........#
≈≈§§§..§§§≈≈..######....#
≈≈≈≈...§§§§≈..# ######
§≈≈≈....≈≈§§..####
.........§.§..#yp#
.........§....##o#
..§.......)...##o#
§.........§...##.#
≈§§§....≈§§§§.##.#
≈§≈§(...≈≈≈≈§.##.#######
≈≈≈≈§...≈≈§≈..##.......#
≈≈≈≈....≈≈§≈..##.......#
..........§...##.....).#


You could see a hornet (contam), an orc wizard and an orc.

Vanquished Creatures
  Pikel (D:4)
  3 ice beasts (D:5)
  An orc warrior (D:5)
  A lemure (D:4)
  3 scorpions
  4 crimson imps (D:4)
  An orc priest (D:3)
  2 iguanas
  A sleepcap (D:5)
  Natasha (thrice) (D:2)
  An orc wizard (D:5)
  5 adders
  A gnoll (D:3)
  An ufetubus (D:5)
  2 worms
  3 dart slugs
  11 orcs
  11 endoplasms
  5 giant cockroaches
  7 goblins
  5 hobgoblins
  4 jackals
  5 quokkas
  8 ball pythons
  5 bats
  3 frilled lizards
  7 kobolds
  9 rats
113 creatures vanquished.

Notes
Turn   | Place    | Note
-------+----------+-------------------------------------------
     0 | D:1      | avis the Octopode Shapeshifter began the quest for the Orb.
     0 | D:1      | Reached XP level 1. HP: 13/13 MP: 1/1
   178 | D:1      | Reached XP level 2. HP: 18/18 MP: 2/2
   609 | D:1      | You fall into a shaft and drop 1 floor!
   644 | D:2      | Reached XP level 3. HP: 24/24 MP: 3/3
   857 | D:2      | Noticed Natasha
   862 | D:2      | Killed Natasha
  1059 | D:1      | Reached XP level 4. HP: 29/29 MP: 4/4
  1754 | D:2      | Noticed Natasha
  1759 | D:2      | Killed Natasha
  1763 | D:2      | Noticed Natasha
  1773 | D:2      | Killed Natasha
  1774 | D:2      | Reached XP level 5. HP: 20/34 MP: 5/5
  2500 | D:3      | Found a runed translucent gate.
  2500 | D:3      | Found a runed translucent gate.
  2500 | D:3      | Found a runed translucent gate.
  2501 | D:3      | Noticed IdlyInterested's ghost (amateur DsSh)
  2502 | D:3      | Noticed Drazool's ghost (amateur DjFE)
  2502 | D:3      | Noticed amoryguerra's ghost (amateur MiBe)
  2843 | D:3      | Reached skill level 4 in Shapeshifting
  3014 | D:3      | Found a hide-covered altar of Uskayaw.
  3033 | D:3      | Reached XP level 6. HP: 21/39 MP: 6/6
  3108 | D:3      | Found a burning altar of Makhleb.
  3616 | D:4      | Found a shimmering altar of Xom.
  3629 | D:4      | Reached skill level 5 in Shapeshifting
  3815 | D:4      | Reached XP level 7. HP: 38/45 MP: 7/7
  4035 | D:4      | Noticed Pikel
  4042 | D:4      | Killed Pikel
  4043 | D:4      | Reached skill level 7 in Shapeshifting
  4043 | D:4      | Reached XP level 8. HP: 34/54 MP: 8/8
  4541 | D:5      | Entered Level 5 of the Dungeon
  4778 | D:5      | Reached skill level 5 in Dodging
  5151 | D:5      | Learned a level 2 spell: Blink
  5304 | D:5      | Found Nunliale's Book Shop.
  5503 | D:6      | Noticed a hornet
  5520 | D:5      | Paralysed by a hornet for 2 turns
  5522 | D:5      | Slain by a hornet

Illustrated notes

Levels and vault maps discovered:
D:1:      mrwooster_arrival_statue, layout_basic, minmay_tromino_v4_c
D:2:      layout_loops_corners, minmay_ruptured, uniq_natasha
D:3:      minmay_razor_zed, layout_basic, gammafunk_temple_overflow_pools,
          gammafunk_ghost_cemetery, nrook_mini_backslash, st_stairs_7
D:4:      layout_cave_pods, led_xom_imps, uniq_pikel
D:5:      layout_basic, serial_shops, shop, kennysheep_dice
D:6:      layout_basic, minitemple, minmay_unpleasant_kobolds

Skill      XL: |  1  2  3  4  5  6  7  8 |
---------------+-------------------------+-----
Fighting       | 2 4 |  4.0
Unarmed Combat | 4 |  4.0
Dodging        | 3 6 |  6.0
Stealth        | 2 3 |  3.0
Shapeshifting  | 4 5 7 |  7.3
Translocations | |  0.2

Action                     |  1- 3 |  4- 6 |  7- 9 || total
---------------------------+-------+-------+-------++-------
  Melee: Unarmed           |    54 |   120 |    98 ||   272
         Tentacles         |    11 |    19 |    24 ||    54
         Constrict         |     9 |    26 |    20 ||    55
         Punch             |     1 |     3 |     1 ||     5
   Stab: Sleeping          |    10 |    11 |     2 ||    23
         Distracted        |       |     1 |       ||     1
 Armour: Skin              |    10 |    31 |    24 ||    65
  Dodge: Dodged            |    26 |    91 |    70 ||   187
   Form: Flux              |       |       |     1 ||     1

Table legend: (Time is in decaauts)
 A = Elapsed time spent in this place.
 B = Non-inter-level travel time spent in this place.
 C = Inter-level travel time spent in this place.
 D = Time resting spent in this place.
 E = Time spent auto-exploring this place.
 F = Levels seen in this place.
 G = Mean time per level.
                   A        B        C        D        E       F      G
               +--------+--------+--------+--------+--------+-----+--------+
         Total |   5515 |   4857 |    658 |    499 |   2663 |   6 |  919.2 |
       Dungeon |   5515 |   4857 |    658 |    499 |   2663 |   6 |  919.2 |
               +--------+--------+--------+--------+--------+-----+--------+

Top non-repeatable levels by time:
     D:3: 1507 daAuts
     D:2: 1126 daAuts
     D:4: 1045 daAuts
     D:5: 965 daAuts
     D:1: 859 daAuts
     D:6: 11 daAuts
